Match 42678895
Unlisted

Match 42678895
End
Selects Italian Combined Arms Battlegroup
Selects Bersaglieri Squad
Bersaglieri Squad
Kradschützen Motorcycle Team
Bersaglieri Squad
Bersaglieri Squad
Construct Light Support Kompanie
2.5-tonne Medical Truck
Selects Bersaglieri Bolster
Fire Support Elements
Selects Bersaglieri Bolster
le.IG 18 Mechanized Group
Selects Breda Model 30 Light Machine Guns
Construct Panzerarmee Kommand
2.5-tonne Medical Truck
Pak 38 Anti-tank Gun Team
Kradschützen Motorcycle Team
Armored Reserves
Selects Semovente da 75/18 Assault Gun
Selects Strafing Run
Strafing Run
Tiger Heavy Tank
Vehicle Survival Package
Selects Artillery Cover
Selects Artillery Cover
Pak 38 Anti-tank Gun Team
Strafing Run
Rapid Advance
Artillery Cover
Strafing Run
Emergency Repair Kits
Strafing Run
Tiger Heavy Tank
Team saupiquet
LeMounky
Fire [Goat Company]
Mowgli01
JPrevient
金爷爷用石头击落美帝
为她摘下樱花
Manstein
0
0

Comments sign in to comment!

No comments posted yet!